| TOP OF THE 1ST |
|
Burlington Senators batting - Pitching for Winston-Salem Spirits : RHP Grady Warren
|
|
Pitching: RHP Grady Warren
|
|
|
Batting: SHB Allan Wilkerson
|
0-0: Called Strike 0-1: DOUBLE (Flyball, 78D, EV 98.8 MPH)
|
|
Batting: LHB Daniel Spain
|
0-0: Called Strike Allan Wilkerson steals 3rd base 0-1: Foul Ball, location: 2F 0-2: Ball 1-2: Ground out 4-3 (Groundball, 4D, EV 98.1 MPH) Allan Wilkerson scores
|
|
Batting: RHB Steve Lombardozzi
|
0-0: Ball 1-0: Ball 2-0: Fly out, F7 (Flyball, 7LD, EV 98.8 MPH)
|
|
Batting: RHB Mike Brewer
|
0-0: SINGLE (Line Drive, 34D, EV 95.0 MPH)
|
|
Batting: RHB Rick Schu
|
0-0: Ball 1-0: Ball 2-0: Foul Ball, location: 2F 2-1: Foul Ball, location: 2F 2-2: Foul Ball, location: 2F 2-2: Strikes out swinging
|
| Top of the 1st over - 1 run, 2 hits, 0 errors, 1 left on base; Burlington 1 - Winston-Salem 0 |
| BOTTOM OF THE 1ST |
|
Winston-Salem Spirits batting - Pitching for Burlington Senators : RHP Erik Hendricks
|
|
Pitching: RHP Erik Hendricks
|
|
|
Batting: RHB Guadalupe Garcia
|
0-0: Ball 1-0: Ball 2-0: Swinging Strike 2-1: Foul Ball, location: 2F 2-2: Fly out, F9 (Flyball, 9LM, EV 84.4 MPH)
|
|
Batting: RHB Carlos Rios
|
0-0: Ball 1-0: Fly out, F8 (Flyball, 8RS, EV 86.3 MPH)
|
|
Batting: RHB Chuckie Canady
|
0-0: Ball 1-0: Called Strike 1-1: Foul Ball, location: 2F 1-2: Foul Ball, location: 2F 1-2: Foul Ball, location: 2F 1-2: Foul Ball, location: 2F 1-2: Fly out, F9 (Line Drive, 9, EV 105.0 MPH)
|
| Bottom of the 1st over - 0 runs, 0 hits, 0 errors, 0 left on base; Burlington 1 - Winston-Salem 0 |
| TOP OF THE 2ND |
|
Burlington Senators batting - Pitching for Winston-Salem Spirits : RHP Grady Warren
|
|
Batting: RHB Edwin Quinones
|
0-0: Called Strike 0-1: SINGLE (Line Drive, 5D, EV 110.0 MPH)
|
|
Batting: LHB John Skorochocki
|
0-0: Ball 1-0: Called Strike 1-1: Called Strike 1-2: Foul Ball, location: 2F 1-2: Ball 2-2: Foul Ball, location: 2F 2-2: Fly out, F9 (Flyball, 89D, EV 87.5 MPH)
|
|
Batting: RHB Joel Skinner
|
0-0: SINGLE (Flyball, 4D, EV 86.9 MPH) Edwin Quinones to second
|
|
Batting: LHB Tad Venger
|
0-0: Called Strike 0-1: Ball 1-1: Ball 2-1: Foul Ball, location: 2F 2-2: Ball 3-2: DOUBLE (Line Drive, 7LM, EV 100.6 MPH) Edwin Quinones scores Joel Skinner to third
|
|
Batting: SHB Allan Wilkerson
|
0-0: Ball 1-0: Swinging Strike 1-1: Called Strike 1-2: Fly out, F5 (Popup, 5, EV 78.1 MPH)
|
|
Batting: LHB Daniel Spain
|
0-0: Ball 1-0: Swinging Strike 1-1: Swinging Strike 1-2: Foul Ball, location: 2F 1-2: Strikes out swinging
|
| Top of the 2nd over - 1 run, 3 hits, 0 errors, 2 left on base; Burlington 2 - Winston-Salem 0 |
| BOTTOM OF THE 2ND |
|
Winston-Salem Spirits batting - Pitching for Burlington Senators : RHP Erik Hendricks
|
|
Batting: RHB William Lockwood
|
0-0: Ball 1-0: Foul Ball, location: 2F 1-1: Called Strike 1-2: Ball 2-2: Ball 3-2: Strikes out looking
|
|
Batting: RHB Jeffrey Smith
|
0-0: Foul Ball, location: 2F 0-1: Ball 1-1: Swinging Strike 1-2: Strikes out swinging
|
|
Batting: SHB Danny Torres
|
0-0: Ball 1-0: Ball 2-0: Ball 3-0: Called Strike 3-1: Foul Ball, location: 2F 3-2: SINGLE (Groundball, 4D, EV 98.8 MPH)
|
|
Batting: RHB Craig Walck
|
0-0: Ball 1-0: Ball 2-0: Called Strike 2-1: Ball 3-1: Called Strike 3-2: Fly out, F7 (Flyball, 78M, EV 84.4 MPH)
|
| Bottom of the 2nd over - 0 runs, 1 hit, 0 errors, 1 left on base; Burlington 2 - Winston-Salem 0 |
| TOP OF THE 3RD |
|
Burlington Senators batting - Pitching for Winston-Salem Spirits : RHP Grady Warren
|
|
Batting: RHB Steve Lombardozzi
|
0-0: Swinging Strike 0-1: SINGLE (Line Drive, 7S, EV 103.1 MPH)
|
|
Batting: RHB Mike Brewer
|
0-0: Foul Ball, location: 2F 0-1: Called Strike 0-2: Strikes out swinging
|
|
Batting: RHB Rick Schu
|
0-0: Ball 1-0: Foul Ball, location: 2F 1-1: SINGLE (Groundball, 4MD, EV 108.8 MPH) Steve Lombardozzi to second
|
|
Batting: RHB Edwin Quinones
|
0-0: Called Strike 0-1: Ball 1-1: Ball 2-1: Foul Ball, location: 2F 2-2: Foul Ball, location: 2F 2-2: Ball 3-2: Base on Balls Steve Lombardozzi to third Rick Schu to second
|
|
Batting: LHB John Skorochocki
|
0-0: Ball 1-0: Ball 2-0: Ball 3-0: Called Strike 3-1: Base on Balls Steve Lombardozzi scores Rick Schu to third Edwin Quinones to second
|
|
Batting: RHB Joel Skinner
|
0-0: DOUBLE (Line Drive, 89M, EV 87.5 MPH) Rick Schu scores Edwin Quinones scores John Skorochocki to third
|
|
Pitching: RHP David Trout
|
|
|
Batting: LHB Tad Venger
|
0-0: Fly out, F9 (Flyball, 89S, EV 83.1 MPH)
|
|
Batting: SHB Allan Wilkerson
|
0-0: Called Strike 0-1: Swinging Strike Passed Ball! John Skorochocki scores Joel Skinner to third 0-2: Strikes out swinging
|
| Top of the 3rd over - 4 runs, 3 hits, 0 errors, 1 left on base; Burlington 6 - Winston-Salem 0 |
| BOTTOM OF THE 3RD |
|
Winston-Salem Spirits batting - Pitching for Burlington Senators : RHP Erik Hendricks
|
|
Batting: RHB Angelo Ross
|
0-0: Ball 1-0: Ball 2-0: Called Strike 2-1: Called Strike 2-2: Ball 3-2: Foul Ball, location: 2F 3-2: Base on Balls
|
|
Batting: RHB Christopher Hudson
|
0-0: Ball 1-0: Ball 2-0: Grounds into double play, 6-4-3 (Groundball, 6, EV 90.6 MPH)
|
|
Batting: RHB Guadalupe Garcia
|
0-0: Ball 1-0: Fly out, F7 (Line Drive, 7, EV 106.3 MPH)
|
| Bottom of the 3rd over - 0 runs, 0 hits, 0 errors, 0 left on base; Burlington 6 - Winston-Salem 0 |
| TOP OF THE 4TH |
|
Burlington Senators batting - Pitching for Winston-Salem Spirits : RHP David Trout
|
|
Batting: LHB Daniel Spain
|
0-0: Called Strike 0-1: Ball 1-1: Ground out 4-3 (Groundball, 4M, EV 89.4 MPH)
|
|
Batting: RHB Steve Lombardozzi
|
0-0: Ball 1-0: Swinging Strike 1-1: Ball 2-1: Ball 3-1: Called Strike 3-2: Foul Ball, location: 2F 3-2: Foul Ball, location: 2F 3-2: Base on Balls
|
|
Batting: RHB Mike Brewer
|
0-0: Ball 1-0: Ball 2-0: Ball 3-0: Called Strike 3-1: Base on Balls Steve Lombardozzi to second
|
|
Batting: RHB Rick Schu
|
0-0: Called Strike 0-1: Ball 1-1: Foul Ball, location: 2F 1-2: Foul Ball, location: 2F 1-2: Strikes out swinging
|
|
Batting: RHB Edwin Quinones
|
0-0: Ground out 4-3 (Groundball, 34, EV 86.9 MPH)
|
| Top of the 4th over - 0 runs, 0 hits, 0 errors, 2 left on base; Burlington 6 - Winston-Salem 0 |
| BOTTOM OF THE 4TH |
|
Winston-Salem Spirits batting - Pitching for Burlington Senators : RHP Erik Hendricks
|
|
Batting: RHB Carlos Rios
|
0-0: Called Strike 0-1: Ball 1-1: SINGLE (Groundball, 56D, EV 96.3 MPH)
|
|
Batting: RHB Chuckie Canady
|
Pickoff Throw to First - Error! E1 Carlos Rios to second 0-0: Ball 1-0: Ball 2-0: Fly out, F6 (Popup, 6M, EV 56.3 MPH)
|
|
Batting: RHB William Lockwood
|
0-0: Ball 1-0: SINGLE (Groundball, 6MD, EV 100.0 MPH) Carlos Rios to third Runner from 3rd tries for Home, SAFE, throw by CF to home William Lockwood to second
|
|
Batting: RHB Jeffrey Smith
|
0-0: Swinging Strike 0-1: Swinging Strike 0-2: Ball 1-2: Ground out 6-3 (Groundball, 56, EV 88.1 MPH)
|
|
Batting: SHB Danny Torres
|
0-0: Ball 1-0: Ball 2-0: Ball 3-0: Called Strike 3-1: Base on Balls
|
|
Batting: RHB Craig Walck
|
0-0: Fielders Choice at 2nd, 5-4 (Groundball, 5, EV 110.6 MPH)
|
| Bottom of the 4th over - 1 run, 2 hits, 1 error, 2 left on base; Burlington 6 - Winston-Salem 1 |
| TOP OF THE 5TH |
|
Burlington Senators batting - Pitching for Winston-Salem Spirits : RHP David Trout
|
|
Batting: LHB John Skorochocki
|
0-0: Ball 1-0: Foul Ball, location: 2F 1-1: Ball 2-1: Ball 3-1: Called Strike 3-2: Fly out, F8 (Flyball, 8RS, EV 96.9 MPH)
|
|
Pitching: RHP Rusty Shelton
|
|
|
Batting: RHB Joel Skinner
|
0-0: Called Strike 0-1: Ball 1-1: Ball 2-1: Fly out, F9 (Flyball, 89M, EV 86.9 MPH)
|
|
Batting: LHB Tad Venger
|
0-0: Called Strike 0-1: Foul Ball, location: 2F 0-2: Foul Ball, location: 2F 0-2: Ball 1-2: Ball 2-2: Fly out, F9 (Flyball, 9LD, EV 83.1 MPH)
|
| Top of the 5th over - 0 runs, 0 hits, 0 errors, 0 left on base; Burlington 6 - Winston-Salem 1 |
| BOTTOM OF THE 5TH |
|
Winston-Salem Spirits batting - Pitching for Burlington Senators : RHP Erik Hendricks
|
|
Batting: RHB Angelo Ross
|
0-0: Called Strike 0-1: Foul Ball, location: 2F 0-2: Ball 1-2: Foul Ball, location: 2F 1-2: Fly out, F6 (Flyball, 6MD, EV 79.4 MPH)
|
|
Batting: RHB Christopher Hudson
|
0-0: Ball 1-0: Ball 2-0: Called Strike 2-1: Fly out, F9 (Flyball, 9S, EV 91.9 MPH)
|
|
Batting: RHB Guadalupe Garcia
|
0-0: Ball 1-0: Foul Ball, location: 2F 1-1: Ball 2-1: Called Strike 2-2: Ball 3-2: Foul Ball, location: 2F 3-2: Foul Ball, location: 2F 3-2: Base on Balls
|
|
Batting: RHB Carlos Rios
|
0-0: Foul Ball, location: 2F 0-1: Fly out, F3 (Popup, 34, EV 66.3 MPH)
|
| Bottom of the 5th over - 0 runs, 0 hits, 0 errors, 1 left on base; Burlington 6 - Winston-Salem 1 |
| TOP OF THE 6TH |
|
Burlington Senators batting - Pitching for Winston-Salem Spirits : RHP Rusty Shelton
|
|
Batting: SHB Allan Wilkerson
|
0-0: Ground out 4-3 (Groundball, 4, EV 78.1 MPH)
|
|
Batting: LHB Daniel Spain
|
0-0: Ball 1-0: Swinging Strike 1-1: Foul Ball, location: 2F 1-2: Foul Ball, location: 2F 1-2: Ball 2-2: Ball 3-2: Ground out U3 (Groundball, 34S, EV 70.0 MPH)
|
|
Batting: RHB Steve Lombardozzi
|
0-0: Ball 1-0: Called Strike 1-1: SINGLE (Groundball, 6MD, EV 100.0 MPH)
|
|
Batting: RHB Mike Brewer
|
0-0: Swinging Strike 0-1: Swinging Strike 0-2: Ground out 6-3 (Groundball, 6D, EV 98.1 MPH)
|
| Top of the 6th over - 0 runs, 1 hit, 0 errors, 1 left on base; Burlington 6 - Winston-Salem 1 |
| BOTTOM OF THE 6TH |
|
Winston-Salem Spirits batting - Pitching for Burlington Senators : RHP Erik Hendricks
|
|
Batting: RHB Chuckie Canady
|
0-0: SINGLE (Groundball, 5S, EV 68.1 MPH) (infield hit)
|
|
Batting: RHB William Lockwood
|
0-0: DOUBLE (Flyball, 8RXD, EV 108.1 MPH) Chuckie Canady to third
|
|
Batting: RHB Jeffrey Smith
|
0-0: Foul Ball, location: 2F 0-1: Fly out, F8 (Flyball, 8RM, EV 84.4 MPH) Runner from 3rd tags up, SCORES, throw by CF William Lockwood to third
|
|
Batting: SHB Danny Torres
|
0-0: Called Strike 0-1: Called Strike 0-2: Ball 1-2: Ground out 1-3 (Groundball, 34S, EV 71.3 MPH)
|
|
Batting: RHB Craig Walck
|
0-0: Ball 1-0: Foul Ball, location: 2F 1-1: Foul Ball, location: 2F 1-2: Hit by Pitch
|
|
Batting: RHB Angelo Ross
|
0-0: Ball 1-0: SINGLE (Line Drive, 8RS, EV 106.9 MPH) William Lockwood scores Craig Walck to second
|
|
Batting: RHB Christopher Hudson
|
0-0: Fly out, F9 (Flyball, 89D, EV 102.5 MPH)
|
| Bottom of the 6th over - 2 runs, 3 hits, 0 errors, 2 left on base; Burlington 6 - Winston-Salem 3 |
| TOP OF THE 7TH |
|
Burlington Senators batting - Pitching for Winston-Salem Spirits : RHP Rusty Shelton
|
|
Batting: RHB Rick Schu
|
0-0: Called Strike 0-1: Ball 1-1: Foul Ball, location: 2F 1-2: Ball 2-2: Ground out 5-3 (Groundball, 56S, EV 83.1 MPH)
|
|
Batting: RHB Edwin Quinones
|
0-0: Ball 1-0: SINGLE (Groundball, 4MD, EV 98.1 MPH)
|
|
Batting: LHB John Skorochocki
|
0-0: Called Strike Edwin Quinones steals 2nd base (no throw) 0-1: Swinging Strike 0-2: Ball 1-2: Fly out, F8 (Flyball, 8LM, EV 81.9 MPH) Runner from 2nd tags up, SAFE at 3rd with throw by CF
|
|
Batting: RHB Joel Skinner
|
0-0: Called Strike 0-1: Ball 1-1: Ball 2-1: Ball 3-1: 2-RUN HOME RUN (Flyball, 7D, EV 87.5 MPH), Distance : 363 ft
|
|
Batting: LHB Tad Venger
|
0-0: Ball 1-0: Ball 2-0: Ground out U3 (Groundball, 34, EV 80.0 MPH)
|
| Top of the 7th over - 2 runs, 2 hits, 0 errors, 0 left on base; Burlington 8 - Winston-Salem 3 |
| BOTTOM OF THE 7TH |
|
Winston-Salem Spirits batting - Pitching for Burlington Senators : RHP Erik Hendricks
|
|
Batting: RHB Guadalupe Garcia
|
0-0: Ball 1-0: Ball 2-0: Called Strike 2-1: Fly out, F8 (Flyball, 8RS, EV 93.1 MPH)
|
|
Batting: RHB Carlos Rios
|
0-0: Foul Ball, location: 2F 0-1: Ball 1-1: Ground out 6-3 (Groundball, 6, EV 90.0 MPH)
|
|
Batting: RHB Chuckie Canady
|
0-0: Ball 1-0: Called Strike 1-1: Ball 2-1: Fly out, F2 (Popup, 2LF, EV 97.5 MPH)
|
| Bottom of the 7th over - 0 runs, 0 hits, 0 errors, 0 left on base; Burlington 8 - Winston-Salem 3 |
| TOP OF THE 8TH |
|
Burlington Senators batting - Pitching for Winston-Salem Spirits : RHP Rusty Shelton
|
|
Batting: SHB Allan Wilkerson
|
0-0: Called Strike 0-1: Swinging Strike 0-2: Ball 1-2: Ball 2-2: Strikes out swinging, 2-3 out at first.
|
|
Pitching: LHP Ernie Ramirez
|
|
|
Batting: LHB Daniel Spain
|
0-0: Ball 1-0: Swinging Strike 1-1: Ball 2-1: Ball 3-1: Foul Ball, location: 2F 3-2: Foul Ball, location: 2F 3-2: Base on Balls
|
|
Batting: RHB Steve Lombardozzi
|
0-0: Ball 1-0: Foul Ball, location: 2F 1-1: Ball 2-1: Foul Ball, location: 2F 2-2: Ball 3-2: Fly out, F3 (Popup, 3F, EV 55.6 MPH)
|
|
Batting: RHB Mike Brewer
|
0-0: Ball 1-0: Ground out 4-3 (Groundball, 34, EV 81.3 MPH)
|
| Top of the 8th over - 0 runs, 0 hits, 0 errors, 1 left on base; Burlington 8 - Winston-Salem 3 |
| BOTTOM OF THE 8TH |
|
Winston-Salem Spirits batting - Pitching for Burlington Senators : RHP Erik Hendricks
|
|
Batting: RHB William Lockwood
|
0-0: Ground out 6-3 (Groundball, 6, EV 89.4 MPH)
|
|
Batting: RHB Jeffrey Smith
|
0-0: Foul Ball, location: 2F 0-1: Fly out, F9 (Flyball, 9D, EV 80.0 MPH)
|
|
Batting: SHB Danny Torres
|
0-0: Fly out, F8 (Flyball, 89XD, EV 107.5 MPH)
|
| Bottom of the 8th over - 0 runs, 0 hits, 0 errors, 0 left on base; Burlington 8 - Winston-Salem 3 |
| TOP OF THE 9TH |
|
Burlington Senators batting - Pitching for Winston-Salem Spirits : LHP Ernie Ramirez
|
|
Batting: RHB Rick Schu
|
0-0: Foul Ball, location: 2F 0-1: Called Strike 0-2: Ball 1-2: Strikes out swinging
|
|
Batting: RHB Edwin Quinones
|
0-0: Ball 1-0: Fly out, F8 (Flyball, 8RM, EV 87.5 MPH)
|
|
Batting: LHB John Skorochocki
|
0-0: Called Strike 0-1: Swinging Strike 0-2: Ground out 6-3 (Groundball, 6, EV 78.1 MPH)
|
| Top of the 9th over - 0 runs, 0 hits, 0 errors, 0 left on base; Burlington 8 - Winston-Salem 3 |
| BOTTOM OF THE 9TH |
|
Winston-Salem Spirits batting - Pitching for Burlington Senators : RHP Erik Hendricks
|
|
Batting: RHB Craig Walck
|
0-0: Ground out 6-3 (Groundball, 56, EV 82.5 MPH)
|
|
Batting: RHB Angelo Ross
|
0-0: Ground out 6-3 (Groundball, 6, EV 86.9 MPH)
|
|
Batting: RHB Christopher Hudson
|
0-0: Ball 1-0: Swinging Strike 1-1: Ball 2-1: DOUBLE (Line Drive, 89D, EV 111.9 MPH)
|
|
Batting: RHB Guadalupe Garcia
|
0-0: SINGLE (Flyball, 56D, EV 95.6 MPH) Christopher Hudson to third
|
|
Batting: RHB Carlos Rios
|
0-0: Called Strike 0-1: Foul Ball, location: 2F 0-2: Ball 1-2: Ground out 5-3 (Groundball, 56, EV 85.6 MPH)
|
| Bottom of the 9th over - 0 runs, 2 hits, 0 errors, 2 left on base; Burlington 8 - Winston-Salem 3 |
|